 Dungeon Crawl Stone Soup version 0.28-a0-802-g09f76e8c00 (webtiles) character file.

Game seed: 2938394523409855740

91 spiderkeys the Ducker (level 4, 0/26 (27) HPs)
             Began as a Deep Elf Abyssal Knight on Nov 7, 2021.
             Was a Believer of Lugonu.
             Succumbed to a water moccasin's poison
             ... in a sewer.
             The game lasted 00:03:51 (1491 turns).

spiderkeys the Ducker (Deep Elf Abyssal Knight)     Turns: 1491, Time: 00:03:52

HP:   0/26 (27)     AC:  8    Str: 10    XL:     4   Next: 33%
MP:   6/9           EV: 12    Int: 16    God:    Lugonu [**....]
Gold: 111           SH:  0    Dex: 15    Spells: 7/7 levels left

rFire   . . .      SeeInvis .   c - +2 spear (vorpal)
rCold   . . .      Faith    .   (no shield)
rNeg    . . .      Spirit   .   b - +1 leather armour
rPois   .          Reflect  .   (no helmet)
rElec   .          Harm     .   (no cloak)
rCorr   .          Rampage  .   (no gloves)
Will    .....                   (no boots)
Stlth   +.........              (no amulet)
HPRegen 0.08/turn               O - +4 ring of protection
MPRegen 0.11/turn               (no ring)

@: lethally poisoned (0 -> -8), very slightly contaminated, hasted, lightly
drained, invisible, very quick
A: wild magic 1, evolution 1
a: Renounce Religion, Depart the Abyss, Bend Space


You were in a sewer.
You worshipped Lugonu.
Lugonu was pleased with you.
You visited 1 branch of the dungeon, and saw 3 of its levels.
You visited the Abyss 1 time.
You also visited: Sewer.

You collected 111 gold pieces.


Innate Abilities, Weirdness & Mutations

Your spells are a little harder to cast, but a little more powerful.
You have hidden genetic potential.


   Skills:
 + Level 2.8 Fighting
 - Level 1.3(1.6) Polearms
 + Level 1.5(2.0) Staves
 - Level 0.7 Armour
 + Level 3.2 Dodging
 + Level 2.1 Spellcasting
 + Level 2.8 Invocations


You had 7 spell levels left.
You didn't know any spells.
Your spell library contained the following spells:

 Spells                   Type           Power      Damage    Failure   Level
 Passwall                 Tmut/Erth      1%         N/A       47%         2
 Swiftness                Air            2%         N/A       71%         3
 Invisibility             Hex            1%         N/A       100%        6

Inventory:

Hand Weapons
 a - a +1 spear
 c - a +2 vorpal spear (weapon)
   (You found it on level 1 of the Abyss)
Missiles
 g - 113 stones
 h - a throwing net {=f!f}
Armour
 b - a +1 leather armour (worn)
 k - a +0 robe
   (You found it on level 2 of the Dungeon)
Jewellery
 O - a +4 ring of protection (left hand)
   (You found it on level 2 of the Abyss)
Wands
 e - a wand of flame (19)
   (You found it on level 2 of the Abyss)
Scrolls
 i - a scroll of summoning
 m - a scroll of magic mapping {!r}

Dungeon Overview and Level Annotations

Branches:
Dungeon (3/15)              Sewer (1/1)

Altars:

Shops:
D:1

: #######
##@!?[$##
#..$[$..#
#.......#
#.......#
#ยงS.....#
#.......#
##.....##
###.###
###### #.#
##.....


You could see a water moccasin.


Message History

The bat closely misses you. The bat hits you but does no damage.
The bat closely misses you. The bat barely misses you.
You barely miss the bat. The bat closely misses you. The bat misses you.
The bat barely misses you.
You miss the bat. The bat hits you but does no damage.
The bat closely misses you. The bat hits you but does no damage.
The bat barely misses you.
You hit the bat.
You kill the bat!
Lugonu accepts your kill.
You can now bend space around yourself.
The bat hits you but does no damage. The bat barely misses you. x2
You reach to attack!
You puncture the bat!
You kill the bat!
Lugonu accepts your kill. The bat barely misses you.
The bat hits you but does no damage.
You miss the bat. The bat barely misses you. The bat closely misses you.
You barely miss the bat. The bat hits you but does no damage.
The bat barely misses you.
You barely miss the bat. The bat closely misses you.
The bat hits you but does no damage.
You reach to attack!
You hit the bat.
You kill the bat!
Lugonu accepts your kill. The bat misses you.
You hit the bat.
You kill the bat!
Lugonu accepts your kill.
No target in view!
No target in view!
No target in view!
No target in view!
You see here a bat corpse.
Found a gate leading back out of this place.
A water moccasin comes into view.
The water moccasin hisses angrily.
Okay, then.
Okay, then.
Aiming: Throw Flame
Press: ? - help, Shift-Dir - straight line, f - water moccasin
Aim: a water moccasin (48% to hit)
Okay, then.
Space bends around you!
You blink.
The water moccasin closely misses you. ๐Ÿ˜• HP[-1] MP[-1]
You take 1 damage, and now have 25/26 hp.
You lost 1 mp, and now have 8/9 mp.
Space bends around you!
You blink. ๐Ÿ˜• HP[-2] MP[-1]
You take 2 damage, and now have 23/26 hp.
You lost 1 mp, and now have 7/9 mp.
Aiming: Throw Flame
Press: ? - help, Shift-Dir - straight line, f - water moccasin
Aim: a water moccasin (48% to hit)
The puff of flame hits the water moccasin.
Aiming: Throw Flame
Press: ? - help, Shift-Dir - straight line, f/p - water moccasin
Aim: a water moccasin (lightly wounded, 48% to hit)
The puff of flame hits the water moccasin.
The water moccasin bites you! The water moccasin bites you.
You are lethally poisoned!
The water moccasin poisons you! ๐Ÿ˜ฎ HP[-8]
You take 8 damage, and now have 15/26 hp.
MASSIVE DAMAGE!! (PAUSE)
Okay, then.
It was a potion of invisibility.
You fade into invisibility!
* * * LOW HITPOINT WARNING * * *
You feel very sick. The water moccasin closely misses you.
You are very lightly contaminated with residual magic. ๐Ÿ˜จ HP[-4]
You take 4 damage, and now have 11/26 hp.
It was a potion of haste.
You feel yourself speed up.
* * * LOW HITPOINT WARNING * * *
You feel very sick. The water moccasin bites you.
* * * LOW HITPOINT WARNING * * *
The water moccasin barely misses you. ๐Ÿ˜ฑ HP[-5]
You take 5 damage, and now have 6/26 hp.
It was a potion of mutation.
You feel extremely strange.
You feel less in control of your magic.
You feel a hidden potential growing inside you.
* * * LOW HITPOINT WARNING * * *
You feel sick. ๐Ÿ˜ฑ HP[-1]
You take 1 damage, and now have 5/26 hp.
You fail to use your ability.
* * * LOW HITPOINT WARNING * * *
You feel sick.
The water moccasin closely misses you. ๐Ÿ˜ฑ HP[-2]
You take 2 damage, and now have 3/26 hp.
Unknown command.
Space bends around you!
You blink.
You die...

Skill      XL: |  1  2  3 |
---------------+----------+-----
Spellcasting   | 1 2 |  2.1
Staves         | 1 |  1.5
Dodging        | 3 |  3.2
Fighting       | |  2.8
Polearms       | |  1.3
Armour         | |  0.7
Invocations    | |  2.8

Action                   |  1- 3 |  4- 6 || total
-------------------------+-------+-------++-------
Melee: Spear             |   102 |    39 ||   141
Invok: Depart the Abyss  |     1 |       ||     1
       Bend Space        |       |     3 ||     3
Evoke: Wand              |       |     2 ||     2
  Use: Scroll            |     2 |     2 ||     4
       Potion            |       |     3 ||     3
 Stab: Distracted        |     1 |       ||     1
Armor: Leather armour    |    29 |    11 ||    40
Dodge: Dodged            |    47 |    40 ||    87

Levels and vault maps discovered:
D:1:      minmay_arrival_three_doors, layout_basic, serial_shops,
          nicolae_lakefront_shop
D:2:      layout_basic
D:3:      layout_loops_ring, gup_sewer_entry_bowl, minmay_crystal_room,
          minmay_circle_x
Sewer:    sewer_big_baddie

Notes
Turn   | Place    | Note
-------+----------+-------------------------------------------
     0 | Abyss:1  | spiderkeys the Deep Elf Abyssal Knight began the quest for
                  | the Orb.
     0 | Abyss:1  | Reached XP level 1. HP: 13/13 MP: 4/4
     0 | Abyss:1  | magus.rc [v1.9.10]
   102 | Abyss:2  | Noticed a tentacled starspawn
   107 | D:1      | You pass through the gate.
   107 | D:1      | Escaped the Abyss
   233 | D:1      | Found Ibbes's Book Boutique.
   241 | D:1      | Reached XP level 2. HP: 18/18 MP: 5/5
   330 | D:1      | Reached skill level 1 in Spellcasting
   394 | D:1      | Reached * piety under Lugonu
   455 | D:1      | Reached skill level 1 in Staves
   455 | D:1      | Reached XP level 3. HP: 20/22 MP: 5/7
   966 | D:2      | Reached skill level 3 in Dodging
  1082 | D:2      | Reached skill level 2 in Spellcasting
  1102 | D:2      | Reached XP level 4. HP: 27/27 MP: 9/9
  1419 | D:3      | You pick up a book of Burglary and begin reading...
  1419 | D:3      | You add the spells Passwall, Swiftness and Invisibility to
                  | your library.
  1445 | D:3      | Found a glowing drain.
  1449 | Sewer    | Entered a sewer
  1455 | Sewer    | Reached ** piety under Lugonu
  1480 | Sewer    | Noticed a water moccasin
  1488 | Sewer    | HP: 6/26 [water moccasin (1)]
  1489 | Sewer    | Gained mutation: Your spells are a little harder to cast,
                  | but a little more powerful. [potion of mutation]
  1489 | Sewer    | Gained mutation: You have hidden genetic potential. [potion
                  | of mutation]
  1491 | Sewer    | Succumbed to a water moccasin's poison

Vanquished Creatures
  A gnoll (D:1)
  2 adders (D:2)
  A worm (D:2)
  A dart slug (D:2)
  A ball python (D:2)
  11 bats
  5 endoplasms
  3 giant cockroaches
  3 goblins
  9 hobgoblins
  3 quokkas
  2 frilled lizards
  6 kobolds
  4 rats
52 creatures vanquished.

Vanquished Creatures (others)
  2 starspawn tentacles (Abyss:2)
2 creatures vanquished.

Grand Total: 54 creatures vanquished

Table legend:
 A = Non-vault XP
 B = Vault XP
 C = Vault XP percentage of total XP
 D = Non-vault monster count
 E = Vault monster count
 F = Vault count percentage of total count
                 A         B        C        D         E       F
            +---------+---------+-------+---------+---------+-------
      Total |     118 |      12 |   9.2 |      44 |       8 |  15.4
            +---------+---------+-------+---------+---------+-------
        D:1 |      57 |       0 |   0.0 |      25 |       0 |   0.0
        D:2 |      59 |       0 |   0.0 |      18 |       0 |   0.0
        D:3 |       2 |       5 |  71.4 |       1 |       3 |  75.0
      Sewer |       0 |       7 | 100.0 |       0 |       5 | 100.0
            +---------+---------+-------+---------+---------+-------

Illustrated notes

Table legend:
 A = Kills in this place as a percentage of kills in entire the game.
 B = Kills by you in this place as a percentage of kills by you in the entire game.
 C = Kills by friends in this place as a percentage of kills by friends in the entire game.
 D = Other kills in this place as a percentage of other kills in the entire game.
 E = Experience gained in this place as a percentage of experience gained in the entire game.
 F = Experience gained in this place divided by the number of levels of this place that you have seen.
                   A       B       C       D       E      F
               +-------+-------+-------+-------+-------+----------------------
         Total | 100.0 | 100.0 |   N/A |   N/A | 100.0 |  21.7
       Dungeon |  90.4 |  90.4 |   N/A |   N/A |  94.6 |  41.0
         Sewer |   9.6 |   9.6 |   N/A |   N/A |   5.4 |   7.0
               +-------+-------+-------+-------+-------+----------------------

Table legend: (Time is in decaauts)
 A = Elapsed time spent in this place.
 B = Non-inter-level travel time spent in this place.
 C = Inter-level travel time spent in this place.
 D = Time resting spent in this place.
 E = Time spent auto-exploring this place.
 F = Levels seen in this place.
 G = Mean time per level.
                   A        B        C        D        E       F      G
               +--------+--------+--------+--------+--------+-----+--------+
         Total |   1495 |   1458 |     37 |      0 |   1044 |   6 |  249.2 |
       Dungeon |   1348 |   1311 |     37 |      0 |    991 |   3 |  449.3 |
         Abyss |    106 |    106 |      0 |      0 |     36 |   2 |   53.0 |
         Sewer |     41 |     41 |      0 |      0 |     17 |   1 |   41.0 |
               +--------+--------+--------+--------+--------+-----+--------+

Top non-repeatable levels by time:
     D:1: 855 daAuts
     D:2: 398 daAuts
     D:3: 93 daAuts
 Abyss:1: 57 daAuts
 Abyss:2: 49 daAuts
   Sewer: 41 daAuts
